 Dungeon Crawl Stone Soup version 0.26-a0-497-g0187308201 (webtiles) character file.

Game seed: 5384278748880508737

138 ANON1729 the Sneak (level 5, -4/50 HPs)
             Began as a Naga Monk on Aug 6, 2020.
             Killed by nerve-wracking pain
             ... invoked by a shadow imp
              (13 damage)
             ... on level 5 of the Dungeon.
             The game lasted 00:02:25 (2005 turns).

ANON1729 the Sneak (Naga Monk)                      Turns: 2005, Time: 00:02:26

Health: -4/50      AC:  2    Str: 14    XL:     5   Next: 21%
Magic:  5/5        EV: 11    Int: 10    God:
Gold:   128        SH:  0    Dex: 14    Spells: 4/4 levels left

rFire    . . .     SeeInvis +   a - +0 falchion
rCold    . . .     Faith    .   (no shield)
rNeg     . . .     Spirit   .   b - +0 robe
rPois    +         Reflect  .   (no helmet)
rElec    .         Harm     .   (no cloak)
rCorr    .                      (no gloves)
MR       .....                  (no barding)
Stlth    +++.......             (no amulet)
HPRegen  0.16/turn              (no ring)
MPRegen  0.09/turn              (no ring)

@: short of breath, very slow
A: large, see invisible, deformed body, poison resistance, slowness 2, spit
poison 1, AC +1
a: Spit Poison


You were on level 5 of the Dungeon.
You visited 1 branch of the dungeon, and saw 4 of its levels.

You collected 128 gold pieces.

Inventory:

Hand Weapons
 a - a +0 falchion (weapon)
Armour
 b - a +0 robe (worn)
 k - a +0 hat
Jewellery
 d - a cursed amulet of the acrobat {unknown}
Wands
 l - a wand of enslavement (13)
Scrolls
 c - 8 scrolls of identify {unknown}
 e - 2 scrolls of immolation {unknown}
 g - 2 scrolls of teleportation {unknown}
 h - 3 scrolls of random uselessness {unknown}
 j - a scroll of remove curse {unknown}
 o - a scroll of amnesia {unknown}
Potions
 f - a potion of cancellation {unknown}
 i - 2 potions of haste {unknown}
 m - a potion of magic {unknown}
 n - 2 potions of mutation {unknown}
 p - a potion of curing {unknown}


   Skills:
 + Level 3.8 Fighting
 + Level 3.7 Long Blades
 + Level 3.2 Dodging
 + Level 4.8 Stealth


You had 4 spell levels left.
You didn't know any spells.
Your spell library was empty.

Dungeon Overview and Level Annotations

Branches:
Dungeon (3/15)

Altars:
Kikubaaqudgha
Okawaru
Yredelemnul


Innate Abilities, Weirdness & Mutations

You cannot wear boots.
Your serpentine skin is tough. (AC +1)
You have supernaturally acute eyesight. (SInv)
Armour fits poorly on your strangely shaped body.
Your system is resistant to poisons. (rPois)
You cover ground very slowly.
You can spit poison.


Message History

A sky beast comes into view.
The sky beast moves out of view.
Found a hunting sling.
A water moccasin skeleton comes into view.
Found 18 stones.
The shadow imp lashes its tail.
The shadow imp hits you.
* * * LOW HITPOINT WARNING * * *
The shadow imp barely misses you.
You hit the shadow imp.
The shadow imp is moderately wounded.
The shadow imp hits you.
* * * LOW HITPOINT WARNING * * *
Press: ? - help, Shift-Dir - straight line, f - shadow imp
Aim: a shadow imp (moderately wounded)
The splash of poison hits the shadow imp.
The shadow imp is severely wounded.
The shadow imp gestures at you. Pain shoots through your body!
You die...

#+#.#+#.##.....## ^.
........#...$...#...
......†.#.......#..
...#....../._......
.$ ##+..#.......#
#...#......?#
##..##.....##
#..####.####.#
##.@5........#
#.##......### #.
#..)..## .. #.#####
.#. #(. ..#. ... ..
#..#... ... ## #..#


You could see a shadow imp.

Vanquished Creatures
  A hound (D:5)
  3 adders
  An ooze (D:2)
  A worm (D:2)
  3 dart slugs (D:2)
  5 leopard geckos
  4 giant cockroaches
  8 hobgoblins
  6 jackals
  A quokka (D:3)
  10 bats
  5 frilled lizards
  4 goblins
  6 kobolds
  6 rats
64 creatures vanquished.

Notes
Turn   | Place    | Note
-------+----------+-------------------------------------------
     0 | D:1      | ANON1729 the Naga Monk began the quest for the Orb.
     0 | D:1      | Reached XP level 1. HP: 21/21 MP: 1/1
   124 | D:1      | Reached XP level 2. HP: 28/28 MP: 2/2
   373 | D:1      | Reached XP level 3. HP: 18/34 MP: 3/3
   896 | D:2      | Reached skill level 4 in Stealth
  1162 | D:2      | Reached XP level 4. HP: 36/42 MP: 4/4
  1177 | D:2      | Found an ancient bone altar of Kikubaaqudgha.
  1887 | D:3      | Found an iron altar of Okawaru.
  1927 | D:3      | You fall into a shaft and drop 2 floors!
  1927 | D:5      | Entered Level 5 of the Dungeon
  1940 | D:5      | Reached XP level 5. HP: 11/50 MP: 5/5
  1989 | D:5      | Found a basalt altar of Yredelemnul.
  1997 | D:5      | Noticed a sky beast
  2005 | D:5      | Killed from afar by a shadow imp

Illustrated notes

Levels and vault maps discovered:
D:1:      co_arrival_hexagon_in_a_hexagon, layout_loops_ring
D:2:      layout_loops_ring, kiku_gazebo_pond_becter, minmay_tree_intersection,
          minmay_hedge_maze
D:3:      layout_loops_ring, old_standard_altar,
          corexii_item_surrounded_by_moat, st_stairs_13, roderic_roman_lattice
D:5:      layout_basic, gammafunk_temple_overflow_wave, old_standard_altar,
          basic_altar

Skill      XL: |  1  2  3  4 |
---------------+-------------+-----
Stealth        | 4 |  4.8
Dodging        | 3 |  3.2
Fighting       | |  3.8
Long Blades    | |  3.7

Action                   |  1- 3 |  4- 6 || total
-------------------------+-------+-------++-------
Melee: Falchion          |   115 |    81 ||   196
 Abil: Spit Poison       |     2 |     3 ||     5
 Stab: Sleeping          |     5 |     5 ||    10
Armor: Robe              |    38 |    16 ||    54
Dodge: Dodged            |   101 |    57 ||   158
       Rpst.: Falchion   |    33 |    21 ||    54

Table legend: (Time is in decaauts)
 A = Elapsed time spent in this place.
 B = Non-inter-level travel time spent in this place.
 C = Inter-level travel time spent in this place.
 D = Time resting spent in this place.
 E = Time spent auto-exploring this place.
 F = Levels seen in this place.
 G = Mean time per level.
                   A        B        C        D        E       F      G
               +--------+--------+--------+--------+--------+-----+--------+
         Total |   2527 |   2440 |     87 |    531 |   1365 |   4 |  631.8 |
       Dungeon |   2527 |   2440 |     87 |    531 |   1365 |   4 |  631.8 |
               +--------+--------+--------+--------+--------+-----+--------+

Top non-repeatable levels by time:
     D:2: 1218 daAuts
     D:1: 1093 daAuts
     D:3: 130 daAuts
     D:5: 86 daAuts
